 Dungeon Crawl Stone Soup version 0.23-a0-8-gb809bb7 (webtiles) character file.

6188 KyrpaJooseppi the Fighter (level 11, -2/89 HPs)
             Began as a Human Warper on July 25, 2018.
             Was a Priest of the Shining One.
             Slain by a minotaur (14 damage)
             ... in a labyrinth on Aug 1, 2018.
             The game lasted 00:40:13 (10374 turns).

KyrpaJooseppi the Fighter (Human Warper)           Turns: 10374, Time: 00:40:14

Health: -2/89      AC: 10    Str: 19    XL:     11   Next: 14%
Magic:  0/14       EV: 13    Int: 22    God:    the Shining One [***...]
Gold:   195        SH:  7    Dex:  8    Spells: 1/14 levels left

rFire    + . .     SeeInvis .   a - +0 scimitar (flame)
rCold    + . .     Gourm    .   (no shield)
rNeg     + + +     Faith    .   D - +1 ring mail of the Tarantula {rN++ Int+7 Dex-4}
rPois    +         Spirit   +   s - +2 hat
rElec    +         Reflect  .   h - scarf {Spirit}
rCorr    +         Harm     .   A - +0 pair of gloves
MR       .....                  (no boots)
Stlth    ..........             (no amulet)
HPRegen  0.24/turn              W - ring of wizardry
MPRegen  0.14/turn              P - ring of poison resistance

@: mighty, divine shield, resistant, glowing
A: no striking features
a: Divine Shield, Renounce Religion


You were in a labyrinth.
You worshipped the Shining One.
The Shining One was most pleased with you.
You were not hungry.

You visited 2 branches of the dungeon, and saw 10 of its levels.
You also visited: Labyrinth.

You collected 713 gold pieces.
You spent 518 gold pieces at shops.

Inventory:

Hand Weapons
 a - a +0 scimitar of flaming (weapon)
 b - a +4 triple sword of slicing
 p - the +6 hand axe of the Hero {chop, MR- Str+4 Int+10 Stlth-, unknown}
   (You found it on level 1 of the Lair of Beasts)

   It inflicts extra damage upon your enemies.
   It affects your strength (+4).
   It affects your intelligence (+10).
   It affects your resistance to hostile enchantments.
   It makes you less stealthy.
Missiles
 t - 2 poisoned tomahawks (quivered)
Armour
 h - a scarf of spirit shield (worn)
 o - a scarf of cloud immunity
 s - a +2 hat (worn)
 x - a scarf of repulsion
 A - a +0 pair of gloves (worn)
 D - the +1 ring mail of the Tarantula (worn) {rN++ Int+7 Dex-4}
   (You found it on level 8 of the Dungeon)

   It affects your intelligence (+7).
   It affects your dexterity (-4).
   It greatly protects you from negative energy.
Jewellery
 P - a ring of poison resistance (right hand)
 W - a ring of wizardry (left hand)
Wands
 v - a wand of digging (1)
 w - a wand of polymorph (13)
 y - a wand of paralysis (25)
Scrolls
 d - a scroll of blinking
 g - 6 scrolls of enchant armour
 i - 7 scrolls of remove curse
 r - a scroll of amnesia
 u - a scroll of magic mapping
 B - 3 scrolls of teleportation
Potions
 c - 2 potions of heal wounds
 j - 4 potions of brilliance
 k - a potion of resistance
 l - 11 potions of curing
 m - a potion of haste
 n - a potion of ambrosia
 z - a potion of mutation
 C - 2 potions of flight
Comestibles
 f - 9 rations


   Skills:
 + Level 9.2 Fighting
 + Level 9.2 Long Blades
 - Level 1.0 Throwing
 - Level 6.3 Armour
 + Level 5.6 Dodging
 - Level 2.0 Spellcasting
 - Level 3.0 Translocations
 - Level 3.0 Invocations
 - Level 4.4 Evocations


You had one spell level left.
You knew the following spells:

 Your Spells              Type           Power        Failure   Level  Hunger
b - Blink                 Tloc           N/A          4%          2    ##.....
g - Shroud of Golubria    Chrm/Tloc      #.........   8%          2    ##.....
l - Lesser Beckoning      Tloc           ###.......   8%          3    ###....
o - Teleport Other        Tloc           ###.....     8%          3    ###....
z - Gell's Gravitas       Tloc           ###.......   8%          3    ###....

Your spell library contained the following spells:

 Spells                   Type           Power        Failure   Level  Hunger
 Animate Dead             Necr           N/A          61%         4    #####..
 Pain                     Necr           #...         9%          1    #......
 Animate Skeleton         Necr           N/A          9%          1    #......
 Vampiric Draining        Necr           #.........   26%         3    ###....
 Regeneration             Chrm/Necr      #.........   26%         3    ###....
 Passage of Golubria      Tloc           N/A          26%         4    #####..


Dungeon Overview and Level Annotations

Branches:
Dungeon (8/15)             Temple (0/1) D:4            Lair (2/6) D:8
 Shoals (0/4) Lair:2
  Snake: Lair:2-4    Spider: Lair:2-4

Altars:
Ashenzari
Cheibriados
Elyvilon
Gozag
Kikubaaqudgha
Okawaru
Qazlal
Ru
Sif Muna
Trog
Vehumet
Zin
The Shining One

Shops:
D:8 =*(%

Annotations:
D:1 exclusion: door
Lair:1 2 transporters, emiel's ghost, journeyman MfIE


Message History

The minotaur is heavily wounded.
The minotaur closely misses you. The minotaur gores you!
You slash the minotaur! You burn the minotaur.
The minotaur is severely wounded.
You block the minotaur's attack. The minotaur gores you.
You hit the minotaur but do no damage.
The minotaur is severely wounded.
The minotaur misses you. The minotaur gores you.
You hit the minotaur but do no damage.
The minotaur is severely wounded.
You block the minotaur's attack. The minotaur completely misses you.
You hit the minotaur. You burn the minotaur.
The minotaur is almost dead.
The minotaur hits you. You block the minotaur's attack.
You slash the minotaur! You burn the minotaur.
The minotaur is almost dead.
The minotaur hits you!!
* * * LOW HITPOINT WARNING * * *
The minotaur gores you!
You die...

## ### # . .
#. # #.## .
.#. .... .
## ## ##. ##
#. .. . ...
#...
#.########
.## #
.#.@(...# ..
. .
#.#H####.#.#
# # .#. .#..
. #.### #
.#.# #. #..
..... .. .
##### # #..


You could see a minotaur.

Vanquished Creatures
  Pikel (D:7)
  A cyclops (D:6)
  A spiny frog (Lair:1)
  An efreet (D:8)
  A rime drake (Lair:1)
  Prince Ribbit (D:5)
  3 hippogriffs
  3 water moccasins (Lair:1)
  An orc warrior (D:7)
  A porcupine (Lair:1)
  3 ice beasts
  2 slaves (D:7)
  6 ogres
  4 centaurs (D:8)
  3 crocodiles (Lair:1)
  4 bullfrogs
  A wyvern skeleton (D:8)
  3 scorpions (D:6)
  2 howler monkeys (D:7)
  6 crimson imps
  A quasit (D:5)
  3 centaur skeletons
  3 hounds
  2 jellies
  Crazy Yiuf (D:2)
  A gnoll shaman (D:5)
  A bullfrog skeleton (D:6)
  2 orc priests (D:8)
  6 orc wizards
  9 worker ants
  2 iguanas
  A hound zombie (D:6)
  A hound skeleton (D:5)
  A howler monkey zombie (D:4)
  A worker ant zombie (D:5)
  Robin (D:2)
  15 adders
  4 gnolls
  A shadow imp (D:6)
  An ooze (D:4)
  An adder zombie (D:6)
  2 adder skeletons
  3 worms
  5 dart slugs
  2 leopard geckos
  28 orcs
  3 giant cockroaches
  17 goblins
  9 hobgoblins
  12 jackals
  10 quokkas
  4 ball pythons
  6 bats
  4 frilled lizards
  A giant cockroach zombie (D:5)
  A goblin skeleton (D:4)
  2 goblin zombies (D:4)
  4 hobgoblin zombies (D:4)
  4 kobolds
  A leopard gecko zombie (D:5)
  An orc skeleton (D:4)
  An orc zombie (D:4)
  4 rats
  A fungus (Lair:1)
231 creatures vanquished.

Vanquished Creatures (others)
  A hound (D:7)
1 creature vanquished.

Grand Total: 232 creatures vanquished

Notes
Turn   | Place    | Note
-------+----------+-------------------------------------------
     0 | D:1      | KyrpaJooseppi the Human Warper began the quest for the Orb.
     0 | D:1      | Reached XP level 1. HP: 16/16 MP: 3/3
   366 | D:1      | Reached XP level 2. HP: 20/23 MP: 5/5
   435 | D:1      | Learned a level 2 spell: Shroud of Golubria
   438 | D:1      | Learned a level 2 spell: Blink
   689 | D:2      | Reached XP level 3. HP: 26/28 MP: 6/6
   788 | D:2      | HP: 1/28 [worm (8)]
  1185 | D:2      | Noticed Robin
  1214 | D:2      | Killed Robin
  1215 | D:2      | Reached XP level 4. HP: 17/35 MP: 7/7
  1266 | D:2      | Learned a level 3 spell: Teleport Other
  1723 | D:2      | Reached XP level 5. HP: 32/41 MP: 5/8
  1840 | D:2      | Found an ancient bone altar of Kikubaaqudgha.
  1963 | D:2      | Found a snail-covered altar of Cheibriados.
  1999 | D:2      | Found a runed door.
  2167 | D:2      | Noticed Crazy Yiuf
  2170 | D:2      | Killed Crazy Yiuf
  2309 | D:3      | Upgraded the game from 0.22-a0-833-g8522bf8 to 0.22-a0-848-ge9e22a0
  2476 | D:3      | Found a faded altar of an unknown god.
  2476 | D:3      | Found a glowing silver altar of Zin.
  2481 | D:3      | Found a radiant altar of Vehumet.
  2483 | D:3      | Found a faded altar of an unknown god.
  2485 | D:3      | Found a deep blue altar of Sif Muna.
  2498 | D:3      | Upgraded the game from 0.22-a0-848-ge9e22a0 to 0.22-a0-858-g985ef60
  2874 | D:3      | Reached XP level 6. HP: 48/48 MP: 9/9
  3183 | D:4      | Found a glowing golden altar of the Shining One.
  3192 | D:4      | Became a worshipper of the Shining One
  3347 | D:4      | Noticed an ogre
  3462 | D:4      | Found a staircase to the Ecumenical Temple.
  3764 | D:4      | Reached * piety under the Shining One
  3826 | D:4      | Reached XP level 7. HP: 45/55 MP: 7/10
  4048 | D:5      | Entered Level 5 of the Dungeon
  4052 | D:5      | Reached skill level 5 in Long Blades
  4090 | D:5      | Reached skill level 5 in Fighting
  4117 | D:5      | Noticed Prince Ribbit
  4272 | D:5      | Found a white marble altar of Elyvilon.
  4275 | D:5      | Found an iron altar of Okawaru.
  4278 | D:5      | Found a bloodstained altar of Trog.
  4281 | D:5      | Found a sacrificial altar of Ru.
  4371 | D:5      | Reached skill level 1 in Evocations
  4804 | D:5      | Killed Prince Ribbit
  4804 | D:5      | Reached XP level 8. HP: 62/62 MP: 8/11
  5025 | D:5      | Reached ** piety under the Shining One
  5216 | D:6      | Found a shattered altar of Ashenzari.
  5279 | D:5      | Reached skill level 1 in Invocations
  5498 | D:6      | Noticed a cyclops
  5504 | D:5      | Upgraded the game from 0.22-a0-858-g985ef60 to 0.22-a0-877-g5c4e1af
  5608 | D:5      | Upgraded the game from 0.22-a0-877-g5c4e1af to 0.22-a0-880-gb7b0c8b
  5700 | D:6      | Noticed a hippogriff
  5708 | D:6      | Killed a hippogriff
  5780 | D:6      | Reached XP level 9. HP: 40/69 MP: 9/12
  6163 | D:6      | Killed a cyclops
  6163 | D:6      | Reached skill level 5 in Armour
  6762 | D:7      | Learned a level 3 spell: Lesser Beckoning
  6801 | D:7      | Found a bloodstained altar of Trog.
  7516 | D:7      | Noticed Pikel
  7573 | D:7      | Killed Pikel
  7573 | D:7      | Reached XP level 10. HP: 24/79 MP: 10/13
  8240 | D:8      | Found Wunlouge's Jewellery Emporium.
  8260 | D:8      | Bought a cursed ring of attention for 63 gold pieces
  8269 | D:8      | Reached *** piety under the Shining One
  8274 | D:8      | Found Urhe's General Store.
  8356 | D:8      | Noticed Maurice
  8365 | D:8      | Noticed an efreet
  8370 | D:8      | Noticed Maurice
  8370 | D:8      | Maurice changed into Maurice the centaur
  8388 | D:8      | Killed an efreet
  8394 | D:8      | Killed Maurice the centaur
  8603 | D:8      | Found an opulent altar of Gozag.
  8646 | D:8      | Found a stormy altar of Qazlal.
  8659 | D:8      | Got a transparent ring mail
  8660 | D:8      | Identified the +1 ring mail of the Tarantula {rN++ Int+7 Dex-4} (You found it on level 8 of the Dungeon)
  8839 | D:8      | Learned a level 3 spell: Gell's Gravitas
  8868 | D:8      | Found Duifirig's Antique Weapon Boutique.
  8876 | D:8      | Bought a glowing triple sword for 455 gold pieces
  8902 | D:8      | Found a staircase to the Lair.
  9311 | D:8      | Found Mipium's Food Boutique.
  9315 | D:8      | Found Voetavvixt's General Store.
  9476 | Lair:1   | Entered Level 1 of the Lair of Beasts
  9495 | Lair:1   | Upgraded the game from 0.22-a0-880-gb7b0c8b to 0.23-a0-4-g8f018a2
  9496 | Lair:1   | Noticed a spiny frog
  9496 | Lair:1   | Noticed a komodo dragon
  9496 | Lair:1   | Noticed a spiny frog
  9497 | Lair:1   | Noticed emiel's ghost (journeyman MfIE)
  9498 | Lair:1   | Found a transporter.
  9502 | Lair:1   | Found a transporter.
  9589 | Lair:1   | Got a faintly glowing hand axe
  9702 | Lair:1   | Noticed a rime drake
  9710 | Lair:1   | Killed a rime drake
  9710 | Lair:1   | Reached skill level 5 in Dodging
  9732 | Lair:1   | Reached XP level 11. HP: 74/89 MP: 11/14
  9816 | Lair:1   | Upgraded the game from 0.23-a0-4-g8f018a2 to 0.23-a0-8-gb809bb7
 10249 | Lair:2   | Found a labyrinth entrance.
 10256 | Lab      | Entered a labyrinth
 10355 | Lab      | Noticed a minotaur
 10374 | Lab      | Slain by a minotaur

Vault maps used:
D:1:      evilmike_arrival_run_for_it
D:2:      nicolae_overflow_hidden_temple, marbit_many_paths, first_ration,
          minmay_pentomino_v2, uniq_robin, uniq_crazy_yiuf_cottage
D:3:      chequers_temple_overflow_minitemple
D:4:      minmay_temple_entry_glass, nicolae_tso_besieged_by_evil
D:5:      grunt_temple_overflow_cloverleaf, uniq_prince_ribbit1
D:6:      cheibrodos_fzero, overflow_temple_1_default
D:7:      trog_book, uniq_pikel
D:8:      lemuel_round_altar, overflow_temple_1_default, lair_entry_dummy,
          serial_shops, kennysheep_mini, nicolae_shop_stone, shop_statue,
          shop_statue, shop, uniq_maurice
Lair:1:   gammafunk_ghost_arena
Lair:2:   minmay_shoals_entry_hut, lab_entry_generic, nzn_random_ring
Lab:      labyrinth_spiral, nicolae_lab_blocks, lab_fountain,
          nicolae_lab_quarters, nicolae_lab_arrow, nicolae_lab_big_swirl,
          nicolae_lab_grate_2

Skill      XL: |  1  2  3  4  5  6  7  8  9 10 11 |
---------------+----------------------------------+-----
Long Blades    | 3 4 5 7 8 9 |  9.2
Fighting       | 3 4 5 7 9 |  9.2
Armour         | 2 3 4 6 |  6.3
Evocations     | 4 |  4.4
Invocations    | 3 |  3.0
Dodging        | 5 |  5.6
Throwing       | |  1.0
Spellcasting   | |  2.0
Translocations | |  3.0

Action                   |  1- 3 |  4- 6 |  7- 9 | 10-12 || total
-------------------------+-------+-------+-------+-------++-------
Melee: Falchion          |    95 |   266 |   446 |    53 ||   860
       Scimitar          |       |       |       |   137 ||   137
Throw: Tomahawk          |     3 |       |    25 |     3 ||    31
 Cast: Shroud of Golubri |       |    11 |    37 |    11 ||    59
       Teleport Other    |       |     1 |     2 |       ||     3
       Blink             |       |       |     4 |       ||     4
       Gell's Gravitas   |       |       |       |     1 ||     1
Invok: Divine Shield     |       |       |       |     2 ||     2
Evoke: Wand              |       |       |     8 |     7 ||    15
  Use: Scroll            |     4 |     3 |     7 |    11 ||    25
       Potion            |     2 |     1 |     3 |     4 ||    10
  Eat: Ration            |     1 |     1 |     2 |     3 ||     7
       Chunk             |       |     4 |     9 |     3 ||    16
Armor: Leather armour    |     4 |       |       |       ||     4
       Ring mail         |    18 |   100 |    95 |    44 ||   257
       Skin              |     4 |    18 |       |       ||    22
       Scale mail        |       |       |    96 |    29 ||   125
Dodge: Dodged            |    48 |   143 |   283 |   128 ||   602
       Deflected         |       |       |     1 |     5 ||     6
Block: Other             |       |       |       |     7 ||     7
       Rpst.: Falchion   |    15 |    53 |    78 |    11 ||   157
       Scimitar          |       |       |       |    22 ||    22

Table legend:
 A = Spawn XP
 B = Non-spawn XP
 C = Spawn XP percentage of total XP
 D = Spawn monster count
 E = Non-spawn monster count
 F = Spawn count percentage of total count
 G = Total turns spent on level
                    A         B        C        D         E        F      G
               +---------+---------+-------+---------+---------+-------+---------
         Total |       0 |    8841 |   0.0 |       0 |     228 |   0.0 | 10374
               +---------+---------+-------+---------+---------+-------+---------
           D:1 |       0 |      11 |   0.0 |       0 |       8 |   0.0 |   801
           D:2 |       0 |     208 |   0.0 |       0 |      46 |   0.0 |  1473
           D:3 |       0 |      53 |   0.0 |       0 |      16 |   0.0 |   882
           D:4 |       0 |     373 |   0.0 |       0 |      24 |   0.0 |   968
           D:5 |       0 |     826 |   0.0 |       0 |      45 |   0.0 |  1480
           D:6 |       0 |    1450 |   0.0 |       0 |      20 |   0.0 |  1071
           D:7 |       0 |    1589 |   0.0 |       0 |      28 |   0.0 |  1403
           D:8 |       0 |    2322 |   0.0 |       0 |      30 |   0.0 |  1398
        Lair:1 |       0 |    2009 |   0.0 |       0 |      11 |   0.0 |   703
               +---------+---------+-------+---------+---------+-------+---------
